 Dungeon Crawl Stone Soup version 0.22-a0-603-gfc1114d (webtiles) character file.

88 Amnesiac the Magician (level 4, 0/24 HPs)
             Began as a Deep Elf Wizard on July 8, 2018.
             Succumbed to a worker ant's poison
             ... on level 4 of the Dungeon.
             The game lasted 00:01:52 (778 turns).

Amnesiac the Magician (Deep Elf Wizard)              Turns: 778, Time: 00:01:53

Health: 0/24       AC:  2    Str:  4    XL:     4   Next: 29%
Magic:  1/12       EV: 13    Int: 24    God:
Gold:   23         SH:  0    Dex: 13    Spells: 1/12 levels left

rFire    . . .     SeeInvis .   g - +0 dagger
rCold    . . .     Gourm    .   (no shield)
rNeg     . . .     Faith    .   a - +0 robe
rPois    .         Spirit   .   (no helmet)
rElec    .         Reflect  .   (no cloak)
rCorr    .         Harm     .   (no gloves)
MR       .....                  (no boots)
Stlth    ++........             (no amulet)
HPRegen  0.08/turn              (no ring)
MPRegen  0.13/turn              (no ring)

@: lethally poisoned (0 -> -10)
A: no striking features
a: no special abilities


You were on level 4 of the Dungeon.
You were not hungry.

You visited 1 branch of the dungeon, and saw 4 of its levels.

You collected 23 gold pieces.

Inventory:

Hand Weapons
 g - a +0 dagger (weapon)
Armour
 a - a +0 robe (worn)
Wands
 b - a wand of flame (23)
Scrolls
 c - a scroll of blinking {!r, unknown}
 e - a scroll of identify {!r, unknown}
 h - a scroll of magic mapping {!r, unknown}
 i - a scroll of remove curse {!r, unknown}
 j - a scroll of random uselessness {!r, unknown}
Comestibles
 d - 2 rations
 f - a chunk of flesh


   Skills:
 * Level 0.0 Fighting
 - Level 2.4 Dodging
 - Level 2.4 Stealth
 - Level 4.5 Spellcasting
 - Level 4.5 Conjurations
 - Level 1.1 Summonings
 - Level 1.1 Translocations


You had one spell level left.
You knew the following spells:

 Your Spells              Type           Power        Failure   Level  Hunger
a - Magic Dart            Conj           ####         1%          1    None
b - Call Imp              Summ           ##......     9%          2    None
e - Mephitic Cloud        Conj/Pois/Air  ##......     16%         3    ##.....
s - Conjure Flame         Conj/Fire      ###.....     11%         3    ##.....
v - Blink                 Tloc           N/A          9%          2    None

Your spell library contained the following spells:

 Spells                   Type           Power        Failure   Level  Hunger
 Slow                     Hex            #.......     14%         2    None


Dungeon Overview and Level Annotations

Branches:
Dungeon (4/15)
 Temple: D:4-7

Altars:
Cheibriados


Message History

Confirm with . or Enter, or press ? or * to list all spells.
Aiming: Magic Dart (safe; 1% risk of failure)
Press: ? - help, Shift-Dir - straight line, f/p - worker ant
Aim: a worker ant (severely wounded)
The magic dart hits the worker ant.
The worker ant is almost dead.
Casting: Magic Dart (safe; 1% risk of failure)
Confirm with . or Enter, or press ? or * to list all spells.
Aiming: Magic Dart (safe; 1% risk of failure)
Press: ? - help, Shift-Dir - straight line, f/p - worker ant
Aim: a worker ant (almost dead)
The magic dart hits the worker ant.
The worker ant is almost dead.
The worker ant bites you.
You are poisoned.
The worker ant poisons you!
Casting: Magic Dart (safe; 1% risk of failure)
Confirm with . or Enter, or press ? or * to list all spells.
Aiming: Magic Dart (safe; 1% risk of failure)
Press: ? - help, Shift-Dir - straight line, f/p - worker ant
Aim: a worker ant (almost dead)
The magic dart hits the worker ant.
The worker ant is almost dead.
You feel sick. The worker ant closely misses you.
Casting: Magic Dart (safe; 1% risk of failure)
Confirm with . or Enter, or press ? or * to list all spells.
You don't have enough magic to cast that spell.
Casting: Magic Dart (safe; 1% risk of failure)
Confirm with . or Enter, or press ? or * to list all spells.
You don't have enough magic to cast that spell.
Casting: Magic Dart (safe; 1% risk of failure)
Confirm with . or Enter, or press ? or * to list all spells.
You don't have enough magic to cast that spell.
You closely miss the worker ant.
The worker ant is almost dead.
You feel sick. The worker ant bites you.
* * * LOW HITPOINT WARNING * * *
The worker ant closely misses you.
You feel sick. The worker ant misses you.
Casting: Magic Dart (safe; 1% risk of failure)
Confirm with . or Enter, or press ? or * to list all spells.
Aiming: Magic Dart (safe; 1% risk of failure)
Press: ? - help, Shift-Dir - straight line, f/p - worker ant
Aim: a worker ant (almost dead)
The magic dart hits the worker ant.
The worker ant is almost dead.
The worker ant bites you.
* * * LOW HITPOINT WARNING * * *
You are lethally poisoned!
The worker ant poisons you!
Unknown command.
* * * LOW HITPOINT WARNING * * *
You feel sick.
* * * LOW HITPOINT WARNING * * *
You feel sick.
* * * LOW HITPOINT WARNING * * *
You feel sick. The worker ant barely misses you.
* * * LOW HITPOINT WARNING * * *
You feel sick.
* * * LOW HITPOINT WARNING * * *
You feel sick.
* * * LOW HITPOINT WARNING * * *
You feel sick.
You die...

#####################
#.......#.......#....
#.#####.#.#####.#.###
#.#.@.#.#.#...#.#.#..
#...#.#.#...#.#.#...#
#######a#.#####.#.#####
#.......#.......#......
#.#####################
........+
..............'
....#####
..####.####### #+
..####'### #
#........#####


You could see a worker ant.

Vanquished Creatures
  A hound (D:4)
  3 adders
  An ooze (D:2)
  An adder skeleton (D:4)
  A worm (D:3)
  3 leopard geckos
  3 orcs
  2 goblins (D:3)
  A ball python (D:3)
  2 frilled lizards
  A kobold (D:3)
  A rat (D:2)
20 creatures vanquished.

Notes
Turn   | Place    | Note
-------+----------+-------------------------------------------
     0 | D:1      | Amnesiac the Deep Elf Wizard began the quest for the Orb.
     0 | D:1      | Reached XP level 1. HP: 10/10 MP: 7/7
   140 | D:2      | Reached XP level 2. HP: 15/15 MP: 7/9
   146 | D:2      | Learned a level 2 spell: Blink
   149 | D:2      | Learned a level 2 spell: Call Imp
   149 | D:2      | Found a snail-covered altar of Cheibriados.
   258 | D:3      | Reached XP level 3. HP: 7/19 MP: 7/11
   284 | D:3      | Learned a level 3 spell: Conjure Flame
   288 | D:3      | Learned a level 3 spell: Mephitic Cloud
   601 | D:4      | Reached XP level 4. HP: 21/24 MP: 3/12
   777 | D:4      | HP: 1/24 [poisoned by a worker ant]
   778 | D:4      | Succumbed to a worker ant's poison

Vault maps used:
D:1:      saegor_arrival_simple_b, minmay_heptomino_d4
D:2:      cheibriados_altar_1, marbit_many_paths, uniq_terence
D:3:      first_ration, gammafunk_ghost_arena, trog_butcher_becter
D:4:      patterned_corridor

Skill      XL: |  1  2  3 |
---------------+----------+-----
Conjurations   | 2 3 4 |  4.5
Dodging        | |  2.4
Stealth        | |  2.4
Spellcasting   | |  4.5
Summonings     | |  1.1
Translocations | |  1.1

Action                   |  1- 3 |  4- 6 || total
-------------------------+-------+-------++-------
Melee: Unarmed           |     3 |       ||     3
       Dagger            |       |     1 ||     1
 Cast: Magic Dart        |    54 |    16 ||    70
       Conjure Flame     |       |     1 ||     1
Armor: Robe              |     2 |       ||     2
Dodge: Dodged            |    10 |     4 ||    14

Table legend:
 A = Spawn XP
 B = Non-spawn XP
 C = Spawn XP percentage of total XP
 D = Spawn monster count
 E = Non-spawn monster count
 F = Spawn count percentage of total count
 G = Total turns spent on level
                    A         B        C        D         E        F      G
               +---------+---------+-------+---------+---------+-------+---------
         Total |       0 |     126 |   0.0 |       0 |      20 |   0.0 |   778
               +---------+---------+-------+---------+---------+-------+---------
           D:1 |       0 |       3 |   0.0 |       0 |       1 |   0.0 |   105
           D:2 |       0 |      36 |   0.0 |       0 |       5 |   0.0 |   150
           D:3 |       0 |      37 |   0.0 |       0 |      11 |   0.0 |   296
           D:4 |       0 |      50 |   0.0 |       0 |       3 |   0.0 |   227
               +---------+---------+-------+---------+---------+-------+---------
